 Dungeon Crawl Stone Soup version 0.28.0-53-g5a82cb258f (webtiles) character file.

Game seed: 11912379846072617488

53051 mcbry74 the Cleaver (level 14, -11/183 HPs)
             Began as a Minotaur Gladiator on June 29, 2022.
             Was the Champion of Okawaru.
             Killed from afar by a rime drake (24 damage)
             ... with a flash freeze
             ... on level 6 of the Lair of Beasts.
             The game lasted 01:39:33 (18020 turns).

mcbry74 the Cleaver (Minotaur Gladiator)           Turns: 18020, Time: 01:39:34

Health: -11/183    AC: 15    Str: 22    XL:     14   Next: 29%
Magic:  15/20      EV: 14    Int:  7    God:    Okawaru [******]
Gold:   916        SH: 10    Dex: 12    Spells: 13/13 levels left

rFire   + + .      SeeInvis .   m - +7 spear of the Shouting Salmon {vorpal, rN+ Will+}
rCold   x . .      Faith    .   g - +0 kite shield
rNeg    + + .      Spirit   .   u - +3 leather armour {rF+}
rPois   +          Reflect  .   D - +1 hat
rElec   +          Harm     .   R - +0 cloak
rCorr   .          Rampage  .   k - +2 pair of gloves "Vuchuo" {rElec rN+ Will+}
Will    +++..                   W - +0 pair of boots
Stlth   ..........              A - amulet of regeneration
HPRegen 1.20/turn               z - ring of fire
MPRegen 0.17/turn               b - ring of poison resistance

@: berserking, lethally poisoned (-11 -> -12), heroic, very quick
A: horns 2, retaliatory headbutt
a: Renounce Religion, Heroism, Finesse, Duel


You were on level 6 of the Lair of Beasts.
You worshipped Okawaru.
Okawaru was exalted by your worship.
You visited 3 branches of the dungeon, and saw 17 of its levels.

You collected 1382 gold pieces.
You spent 466 gold pieces at shops.

Inventory:

Hand Weapons
 m - the +7 spear of the Shouting Salmon (weapon) {vorpal, rN+ Will+}
   (You found it on level 2 of the Dungeon)

   It inflicts extra damage upon your enemies.
   rN:        It protects you from negative energy.
   Will:      It increases your willpower.
 s - the +4 quarterstaff "Luimid" {protect, rPois rC++ Int-4 Stlth+}
   (You found it on level 2 of the Lair of Beasts)

   It grants its wielder temporary protection when it strikes (+7 to AC).
   Int:       It affects your intelligence (-4).
   rC:        It greatly protects you from cold.
   rPois:     It protects you from poison.
   Stlth:     It makes you more stealthy.
 I - a +6 vampiric glaive
 L - the +9 battleaxe of the Other Side {spect, Int+3}
   (Okawaru gifted it to you on level 3 of the Lair of Beasts)

   When its wielder attacks, the weapon's spirit leaps out and strikes again.
   The spirit shares a part of any damage it takes with its wielder.
   Int:       It affects your intelligence (+3).
 T - the +2 demon trident "Coniot" {flame, rPois rC+}
   (Okawaru gifted it to you on level 6 of the Lair of Beasts)

   It burns those it strikes, dealing additional fire damage.
   rC:        It protects you from cold.
   rPois:     It protects you from poison.
Missiles
 d - 9 throwing nets
 v - 14 boomerangs (quivered)
 w - 5 poisoned darts
 x - 14 javelins
 y - 16 atropa-tipped darts
 F - 3 datura-tipped darts
 N - 9 boomerangs of dispersal
 S - 5 curare-tipped darts
Armour
 g - a +0 kite shield (worn)
 k - the +2 pair of gloves "Vuchuo" (worn) {rElec rN+ Will+}
   (Okawaru gifted it to you on level 1 of the Lair of Beasts)

   rElec:     It insulates you from electricity.
   rN:        It protects you from negative energy.
   Will:      It increases your willpower.
 u - a +3 leather armour of fire resistance (worn)
 D - a +1 hat (worn)
 R - a +0 cloak (worn)
 W - a +0 pair of boots (worn)
Jewellery
 b - a ring of poison resistance (right hand)
 j - a +6 ring of strength
 z - a ring of fire (left hand)
 A - an amulet of regeneration (around neck)
 G - a ring of resist corrosion
 U - a ring of see invisible
Wands
 a - a wand of paralysis (9)
 i - a wand of iceblast (17)
 Y - a wand of polymorph (3)
Scrolls
 f - 3 scrolls of vulnerability {unknown}
 l - 2 scrolls of brand weapon
 o - 2 scrolls of silence {unknown}
 q - 5 scrolls of teleportation
 r - 2 scrolls of magic mapping
 t - 4 scrolls of enchant weapon
 B - a scroll of holy word {unknown}
 E - 2 scrolls of fog
 J - a scroll of blinking {unknown}
 Q - a scroll of acquirement {unknown}
 X - a scroll of fear
 Z - a scroll of enchant armour {unknown}
Potions
 e - 3 potions of attraction
 h - 8 potions of curing
 n - a potion of heal wounds {unknown}
 p - 2 potions of might
 K - a potion of cancellation {unknown}
 M - a potion of haste {unknown}
 O - 3 potions of mutation
 P - a potion of brilliance
 V - 2 potions of flight
Miscellaneous
 C - a tin of tremorstones (2/2)
 H - a condenser vane


   Skills:
 + Level 10.3(15.3) Fighting
 - Level 12.7(20.6) Axes
 + Level 10.9(18.4) Maces & Flails
 + Level 10.6(18.2) Polearms
 + Level 10.7(15.7) Throwing
 - Level 7.0(12.0) Armour
 - Level 5.0(10.0) Dodging
 - Level 4.0(9.0) Shields
 + Level 9.4 Invocations
 + Level 7.5 Evocations


You had 13 spell levels left.
You didn't know any spells.
Your spell library contained the following spells:

 Spells                   Type           Power      Damage    Failure   Level
 Foxfire                  Conj/Fire      0%         2x1d4     77%         1
 Sting                    Tmut/Pois      0%         1d3       77%         1
 Ensorcelled Hibernation  Hex/Ice        0%         N/A       88%         2
 Passwall                 Tmut/Erth      0%         N/A       88%         2
 Poisonous Vapours        Pois/Air       0%         N/A       88%         2
 Static Discharge         Conj/Air       0%         N/A       88%         2
 Sublimation of Blood     Necr           0%         N/A       88%         2
 Wereblood                Tmut           0%         N/A       88%         2
 Conjure Flame            Conj/Fire      0%         6-21      98%         3
 Inner Flame              Hex/Fire       0%         N/A       98%         3
 Swiftness                Air            0%         N/A       98%         3
 Dispel Undead            Necr           0%         3d6       100%        4
 Flame Wave               Conj/Fire      0%         2d4       100%        4
 Olgreb's Toxic Radiance  Pois           0%         N/A       100%        4
 Petrify                  Tmut/Erth      0%         N/A       100%        4
 Sticky Flame             Conj/Fire      0%         2d3       100%        4
 Irradiate                Conj/Tmut      0%         3d14      100%        5
 Summon Hydra             Summ           Unusable   N/A       N/A         7

Dungeon Overview and Level Annotations

Branches:
Dungeon (10/15)            Temple (1/1) D:4            Lair (6/6) D:10
 Shoals (0/4) Lair:4       Spider (0/4) Lair:3        Slime (0/5) Lair:6
    Orc: D:9-12

Altars:
Ashenzari
Gozag
Hepliaklqana
Okawaru
Qazlal
Ru
Vehumet
Xom
Zin
The Shining One

Shops:
D:1 =   D:3 :   D:4 *   D:5 =   D:10 ?


Innate Abilities, Weirdness & Mutations

You have a pair of horns on your head.
You reflexively headbutt those who attack you in melee.


Message History

You hit the death yak.
You headbutt the death yak, but do no damage.
The death yak is lightly wounded.
You feel sick.
You puncture the death yak!
The death yak is moderately wounded.
You feel sick.
The death yak gores you but does no damage.
You puncture the death yak!
The death yak is heavily wounded.
You puncture the death yak!
The death yak is severely wounded.
You feel sick. The death yak gores you!
* * * LOW HITPOINT WARNING * * *
You hit the death yak.
The death yak is severely wounded.
You feel sick.
You puncture the death yak!
The death yak is almost dead.
You puncture the death yak!
You kill the death yak!
Okawaru accepts your kill.
You feel sick.
You are too berserk!
You are too injured to fight recklessly!
Reach: m) +7 spear of the Shouting Salmon {vorpal, rN+ Will+}
Press: ? - help, Dir - move target, f - rime drake
Aim: a rime drake (heavily wounded, about 27% to evade the +7 spear of the Shouting Salmon)
You reach to attack!
You hit the rime drake but do no damage.
The rime drake is heavily wounded.
You feel sick.
Reach: m) +7 spear of the Shouting Salmon {vorpal, rN+ Will+}
Press: ? - help, Dir - move target, f/p - rime drake
Aim: a rime drake (heavily wounded, about 27% to evade the +7 spear of the Shouting Salmon)
You reach to attack!
You puncture the rime drake!
The rime drake is almost dead.
The rime drake breathes ice at you. The flash freeze hits you!!
You feel a painful chill!
You die...

### ######### ##......##
#####.P.##### ****** #.........
#.#......P..##**,,,k###.........
##............##,,,,,.###........
.....#####.....#*,,,,..###.......
.....#...†.....#*,,,,.Y.###..)...
...#.#...#....P#*,,,,.#..##......
##.......#...########Yk.###....#.
...†###.###...k.@.#...#..##....†#
#.....###P..#.#[..##F...###.....#
#.....# #.....†...#......##.....#
#.....# #....†#####......#..)...#
....### ##.....F.Y.....###.##†...
.P#.# ###..§k...P#.## ###.....
##### ####.P.##### ##..... #
##### ##.#...♣ #.....♣♣


You could see a rime drake (catching breath).

Vanquished Creatures
  A dire elephant (Lair:6)
  A boulder beetle (Lair:6)
  8 hydras
  Harold (D:10)
  A catoblepas (Lair:6)
  A two-headed ogre (D:10)
  3 death yaks (Lair:6)
  A fire crab (Lair:6)
  The ghost of SHADDY the Covered, a novice DDFi (D:7)
  A lindwurm (Lair:6)
  8 elephants (Lair:6)
  An oklob plant (Lair:3)
  A manticore (Lair:4)
  5 black mambas
  A torpor snail (Lair:6)
  A gargoyle (D:10)
  An unseen horror (D:10)
  Maggie (D:6)
  11 komodo dragons
  14 cane toads
  A rime drake (Lair:6)
  16 polar bears
  A wind drake (Lair:4)
  A raiju (Lair:6)
  9 blink frogs
  A slime creature (Lair:6)
  3 dream sheep (Lair:6)
  Eustachio (D:4)
  57 yaks
  Sigmund (D:4)
  5 wyverns
  4 basilisks
  A redback (Lair:3)
  Menkaure (D:4)
  A steam dragon (D:8)
  6 wargs (Lair:6)
  16 water moccasins
  14 hell hounds (Lair:6)
  2 ice beasts
  A hornet zombie (D:7)
  12 black bears
  31 wolves
  3 ogres
  4 centaurs
  A kobold brigand (D:6)
  16 bullfrogs
  A gnoll sergeant (D:9)
  3 scorpions
  2 water moccasin zombies
  2 water moccasin skeletons (D:6)
  6 killer bees (D:8)
  5 wights (D:7)
  4 centaur zombies
  3 hounds
  4 jellies
  2 orc priests (D:6)
  Crazy Yiuf (D:7)
  A gnoll shaman (D:7)
  A bullfrog skeleton (D:6)
  An iguana (D:6)
  5 orc wizards
  20 hell rats
  A howler monkey zombie (D:9)
  7 adders
  16 gnolls
  17 river rats
  5 white imps
  21 orcs
  8 ball pythons
  An endoplasm (D:1)
  2 giant cockroaches
  5 goblins
  10 hobgoblins
  5 jackals
  6 kobolds
  8 quokkas
  3 bats
  4 frilled lizards
  A quokka skeleton (D:4)
  23 rats
476 creatures vanquished.

Vanquished Creatures (collateral kills)
  A yak (Lair:4)
1 creature vanquished.

Vanquished Creatures (others)
  A gnoll shaman (D:5)
  2 gnolls (D:5)
  28 fungi
  63 plants
94 creatures vanquished.

Grand Total: 571 creatures vanquished

Notes
Turn   | Place    | Note
-------+----------+-------------------------------------------
     0 | D:1      | mcbry74 the Minotaur Gladiator began the quest for the Orb.
     0 | D:1      | Reached XP level 1. HP: 18/18 MP: 0/0
   123 | D:1      | Reached XP level 2. HP: 25/25 MP: 1/1
  1014 | D:1      | Found Lees's Jewellery Shoppe.
  1194 | D:2      | Found a faded altar of an unknown god.
  1195 | D:2      | Noticed a great orb of eyes
  1197 | D:2      | Noticed a golden eye
  1197 | D:2      | Noticed a golden eye
  1197 | D:2      | Noticed a floating eye
  1252 | D:2      | Reached XP level 3. HP: 29/31 MP: 2/2
  1344 | D:2      | Identified the +7 spear of the Shouting Salmon {vorpal, rN+
                  | Will+}
  1880 | D:2      | Reached skill level 1 in Polearms
  2538 | D:3      | Reached XP level 4. HP: 38/38 MP: 3/3
  2642 | D:3      | Found Toas's Book Boutique.
  2810 | D:3      | Found a hazy altar of Hepliaklqana.
  2811 | D:3      | Found a shimmering altar of Xom.
  2812 | D:3      | Noticed a spectral ugly thing
  3643 | D:4      | Noticed Eustachio
  3656 | D:4      | Killed Eustachio
  3657 | D:4      | Reached skill level 5 in Dodging
  3657 | D:4      | Reached XP level 5. HP: 39/45 MP: 4/4
  3657 | D:4      | Reached XP level 6. HP: 45/51 MP: 5/5
  3762 | D:4      | Reached skill level 1 in Axes
  3768 | D:4      | Reached skill level 2 in Axes
  3783 | D:4      | Reached skill level 3 in Axes
  4079 | D:4      | Noticed Menkaure
  4094 | D:4      | Killed Menkaure
  4095 | D:4      | Reached skill level 4 in Axes
  4095 | D:4      | Reached XP level 7. HP: 57/57 MP: 6/6
  4136 | D:4      | Reached skill level 5 in Axes
  4147 | D:4      | Found a staircase to the Ecumenical Temple.
  4153 | Temple   | Entered the Ecumenical Temple
  4161 | Temple   | Became a worshipper of Warmaster Okawaru
  4199 | D:4      | Noticed Sigmund
  4223 | D:4      | Killed Sigmund
  4224 | D:4      | Reached skill level 6 in Axes
  4707 | D:4      | Found Jauch's General Store.
  4834 | D:5      | Entered Level 5 of the Dungeon
  5098 | D:5      | Reached skill level 7 in Axes
  5379 | D:5      | Found Kunaod's Jewellery Boutique.
  5438 | D:5      | Reached skill level 8 in Axes
  5438 | D:5      | Reached XP level 8. HP: 63/63 MP: 7/7
  5690 | D:6      | Noticed Maggie
  5712 | D:6      | Killed Maggie
  5712 | D:6      | Reached * piety under Okawaru
  5713 | D:6      | Reached skill level 9 in Axes
  5837 | D:6      | Reached skill level 1 in Armour
  5899 | D:6      | Reached skill level 10 in Axes
  6043 | D:6      | Found a broken altar of Ashenzari.
  6043 | D:6      | Found an opulent altar of Gozag.
  6189 | D:6      | Reached ** piety under Okawaru
  6376 | D:6      | Reached XP level 9. HP: 59/69 MP: 8/8
  6586 | D:6      | Reached skill level 5 in Throwing
  6586 | D:6      | Reached skill level 1 in Invocations
  6609 | D:6      | Reached skill level 11 in Axes
  6776 | D:7      | Reached *** piety under Okawaru
  6859 | D:7      | Found a large runed translucent door.
  6859 | D:7      | Found a large runed translucent door.
  6861 | D:7      | Noticed SHADDY's ghost (novice DDFi)
  6885 | D:7      | Killed SHADDY's ghost
  6885 | D:7      | Received a gift from Okawaru
  6886 | D:7      | Reached skill level 12 in Axes
  6886 | D:7      | Reached skill level 5 in Armour
  7107 | D:7      | Received a gift from Okawaru
  7108 | D:7      | Reached XP level 10. HP: 77/77 MP: 11/11
  7213 | D:7      | Found a runed translucent door.
  7214 | D:7      | Noticed Crazy Yiuf
  7222 | D:7      | Killed Crazy Yiuf
  7661 | D:8      | Reached skill level 1 in Shields
  7853 | D:8      | Found a glowing golden altar of the Shining One.
  8246 | D:8      | Reached **** piety under Okawaru
  8725 | D:10     | Entered Level 10 of the Dungeon
  8784 | D:10     | Noticed a gargoyle
  8796 | D:10     | Killed a gargoyle
  8796 | D:10     | Received a gift from Okawaru
  8797 | D:10     | Reached skill level 1 in Evocations
  8852 | D:10     | Noticed a two-headed ogre
  8866 | D:10     | Found Moenuyro's Magic Scroll Boutique.
  8936 | D:10     | Killed a two-headed ogre
  8944 | D:10     | Reached ***** piety under Okawaru
  8945 | D:10     | Reached skill level 5 in Maces & Flails
  9029 | D:10     | Found a staircase to the Lair.
  9084 | D:10     | Received a gift from Okawaru
  9196 | D:10     | Bought a scroll of fear for 52 gold pieces
  9196 | D:10     | Bought a scroll of identify for 30 gold pieces
  9196 | D:10     | Bought a scroll of enchant weapon for 112 gold pieces
  9196 | D:10     | Bought a scroll of amnesia for 52 gold pieces
  9231 | D:10     | Noticed Harold
  9254 | D:10     | Killed Harold
  9255 | D:10     | Reached skill level 5 in Polearms
  9255 | D:10     | Reached skill level 5 in Invocations
  9255 | D:10     | Reached XP level 11. HP: 59/85 MP: 13/13
  9494 | D:10     | Received a gift from Okawaru
  9935 | D:5      | Bought a ring of poison resistance for 220 gold pieces
 10034 | Lair:1   | Entered Level 1 of the Lair of Beasts
 10120 | Lair:1   | Reached skill level 5 in Fighting
 10242 | Lair:1   | Received a gift from Okawaru
 10635 | Lair:1   | Identified the +2 pair of gloves "Vuchuo" {rElec rN+ Will+}
                  | (Okawaru gifted it to you on level 1 of the Lair of Beasts)
 10635 | Lair:1   | Received a gift from Okawaru
 11044 | Lair:2   | Identified the +4 quarterstaff "Luimid" {protect, rPois
                  | rC++ Int-4 Stlth+}
 11174 | Lair:2   | Found a glowing golden altar of the Shining One.
 11412 | Lair:2   | Reached XP level 12. HP: 35/97 MP: 15/15
 12490 | Lair:3   | Noticed a four-headed hydra
 12504 | Lair:3   | Killed a four-headed hydra
 12583 | Lair:3   | Found a shimmering altar of Xom.
 12677 | Lair:3   | Reached ****** piety under Okawaru
 12766 | Lair:3   | Received a gift from Okawaru
 12767 | Lair:3   | Reached skill level 5 in Evocations
 12864 | Lair:3   | Found a hole to the Spider Nest.
 13426 | Lair:4   | Found a staircase to the Shoals.
 13458 | Lair:4   | Received a gift from Okawaru
 13484 | Lair:4   | You fall into a shaft and drop 2 floors!
 13484 | Lair:6   | Entered Level 6 of the Lair of Beasts
 13484 | Lair:6   | Noticed a boulder beetle
 13802 | Lair:5   | Received a gift from Okawaru
 13989 | Lair:5   | Received a gift from Okawaru
 14308 | Lair:4   | Noticed a four-headed hydra
 14318 | Lair:4   | Killed a four-headed hydra
 14521 | Lair:4   | Reached XP level 13. HP: 100/107 MP: 17/17
 15407 | Lair:3   | Identified the +9 battleaxe of the Other Side {spect,
                  | Int+3} (Okawaru gifted it to you on level 3 of the Lair of
                  | Beasts)
 15407 | Lair:3   | Received a gift from Okawaru
 16120 | Lair:6   | Found a staircase to the Slime Pits.
 16519 | Lair:6   | Identified the +2 demon trident "Coniot" {flame, rPois rC+}
                  | (Okawaru gifted it to you on level 6 of the Lair of Beasts)
 16519 | Lair:6   | Received a gift from Okawaru
 16587 | Lair:6   | Reached skill level 10 in Throwing
 16724 | Lair:6   | Reached skill level 10 in Maces & Flails
 16876 | Lair:6   | Reached skill level 10 in Polearms
 17168 | Lair:6   | Received a gift from Okawaru
 17205 | Lair:6   | Reached XP level 14. HP: 119/119 MP: 15/19
 17275 | Lair:6   | Received a gift from Okawaru
 17345 | Lair:6   | Reached skill level 10 in Fighting
 18010 | Lair:6   | Identified the +2 pair of boots of New Discoveries {Int+5}
                  | (Okawaru gifted it to you on level 6 of the Lair of Beasts)
 18010 | Lair:6   | Received a gift from Okawaru
 18020 | Lair:6   | Killed from afar by a rime drake

Illustrated notes

Levels and vault maps discovered:
D:1:      amcnicky_arrival_single_pillar, layout_basic, serial_shops,
          nicolae_shop_statue_plus, minmay_misc_feat_plants,
          supply_closet_lemuel
D:2:      layout_basic, hellmonk_ecumenical_altar_watching_god
D:3:      layout_loops_ring, regret_index_temple_of_mockery, serial_shops,
          nicolae_square_shop, minivault_23
D:4:      layout_gridville, minmay_temple_entry_metal_lava, serial_shops,
          nicolae_stop_n_shop_2, uniq_menkaure, uniq_sigmund, uniq_eustachio
D:5:      layout_loops_ring, serial_shops, kennysheep_mini_moat,
          lemuel_flamethrower_2
D:6:      layout_gridville, jmf_multi_god_temple, kennysheep_cluttered_room,
          uniq_maggie
D:7:      layout_basic, ebering_ghost_disaster_area, grunt_ministairs_11,
          grunt_decor_mini_mirrors, uniq_crazy_yiuf_cottage
D:8:      layout_loops_ring, minmay_ruined_shrine
D:9:      layout_roguey, minivault_16
D:10:     layout_basic, david_lair_generic, serial_shops, shop_scrolls,
          bh_walls_and_bars, uniq_harold
Temple:   regret_index_temple_mists
Lair:1:   layout_cave_shapes, kennysheep_abandoned_house, lemuel_fruit_tree,
          grunt_megastairs_5
Lair:2:   lemuel_ratsnest, layout_loops_ring, basic_altar
Lair:3:   layout_small_grid, spider_nest_entry_a, serial_bayou_pond_b,
          lemuel_oklob_altar, grunt_megastairs_4
Lair:4:   layout_cave_pods, minmay_shoals_entry_beasts, lemuel_fruit_fields
Lair:5:   layout_cave_pods, grunt_megastairs_3
Lair:6:   hangedman_lair_caniforms_friends, layout_cellular_growth,
          hangedman_lair_in_review, minmay_slime_entry_pillars,
          gauntlet_entry_generic, serial_bayou, serial_bayou_ford_a,
          serial_bayou_shore_a, serial_bayou_pond_d, cheibrodos_lair_lostbears

Skill      XL: |  1  2  3  4  5  6  7  8  9 10 11 12 13 14 |
---------------+-------------------------------------------+-----
Fighting       | 3 4 6 8 9 10 | 10.3
Maces & Flails | 4 5 7 8 10 | 10.9
Polearms       | 1 3 5 6 8 10 | 10.6
Dodging        | 4 5 |  5.0
Throwing       | 3 4 6 7 8 9 10 | 10.7
Axes           | 4 8 10 12 | 12.7
Armour         | 3 5 6 7 |  7.0
Invocations    | 3 5 6 7 9 |  9.4
Shields        | 3 4 |  4.0
Evocations     | 2 4 5 7 |  7.5

Action                   |  1- 3 |  4- 6 |  7- 9 | 10-12 | 13-15 || total
-------------------------+-------+-------+-------+-------+-------++-------
Melee: Flail             |    59 |       |       |       |       ||    59
       Headbutt          |    10 |     5 |    26 |   167 |   187 ||   395
       Spear             |    34 |    73 |   207 |   918 |   668 ||  1900
       Punch             |       |     1 |     3 |     1 |       ||     5
Throw: Dart              |     2 |     9 |    25 |    24 |     2 ||    62
       Throwing net      |       |     3 |       |       |       ||     3
       Stone             |       |     4 |       |       |       ||     4
       Boomerang         |       |       |     5 |    92 |    60 ||   157
       Javelin           |       |       |     1 |     3 |       ||     4
Invok: Heroism           |       |       |     1 |     1 |     3 ||     5
       Finesse           |       |       |       |     1 |     7 ||     8
Evoke: Wand              |       |       |       |     2 |       ||     2
  Use: Scroll            |       |       |       |    12 |     3 ||    15
       Potion            |       |       |       |     1 |     2 ||     3
 Stab: Invisible         |       |     2 |     1 |     4 |       ||     7
       Distracted        |       |       |       |     2 |       ||     2
       Paralysed         |       |       |       |     4 |       ||     4
Armor: Leather armour    |    27 |    12 |    11 |   182 |   155 ||   387
Dodge: Dodged            |    37 |    52 |    56 |   289 |   205 ||   639
Block: Buckler           |       |       |       |    34 |       ||    34
       Kite shield       |       |       |       |   161 |   181 ||   342
